AoeStats
← Haby001

Arabia

507195724Analyzed
1v1 RM · 17d ago on Sep 17, 2026· 33m 13s· 2 players
Game mode
Random Map
Map size
Tiny (2 player)
Population
200
Speed
Normal
Resources
Standard
Victory
Conquest
Starting age
Dark Age
Ending age
Imperial Age
RankedLock teamsTeams togetherTeam positionsShared explorationLock speedFull tech treeHidden civsTurbo modeCheats
Victory
Defeat
🇷🇴 Koreans · Romania
737
+16
🇲🇽 Vikings · Mexico
740
-38
ardeiute
8:34 Loom
11:21 Feudal Age
18:52 Double-Bit Axe
28:22 Fletching
30:51 Gold Mining
30:52 Stone Mining
33:07 Castle Age
31:25 Forging
31:00 Man-at-Arms
Haby001
0:40 Loom
11:36 Feudal Age
16:10 Man-at-Arms
20:56 Double-Bit Axe
22:43 Town Watch
31:30 Scale Barding Armor
32:21 Forging
Connection lost

Rejoining the realm…

Still unreachable

The connection could not be restored.

Session expired

The server has moved on; the page needs a fresh start.